 Dungeon Crawl Stone Soup version 0.27.1-33-g824d729ab1 (webtiles) character file.

Game seed: 5354376942942440726

511 daervis the Chopper (level 7, -6/44 HPs)
             Began as a Gargoyle Berserker on Dec 23, 2021.
             Was a Priest of Trog.
             Blown up by a gnoll (11 damage)
             ... with a mindburst bolt
             ... on level 4 of the Dungeon.
             The game lasted 00:14:08 (4166 turns).

daervis the Chopper (Gargoyle Berserker)            Turns: 4166, Time: 00:14:09

Health: -6/44      AC: 16    Str: 23    XL:     7   Next: 19%
Magic:  7/7        EV:  8    Int:  7    God:    Trog [***...]
Gold:   113        SH:  0    Dex:  9    Spells: 6/6 levels left

rFire    . . .     SeeInvis .   a - +0 hand axe
rCold    . . .     Faith    .   (no shield)
rNeg     + . .     Spirit   .   e - +0 chain mail
rPois    ∞         Reflect  .   p - +0 helmet
rElec    +         Harm     .   (no cloak)
rCorr    .         Rampage  .   (no gloves)
Will     .....                  o - +0 pair of boots
Stlth    ..........             s - amulet of magic regeneration
HPRegen  0.14/turn              (no ring)
MPRegen  0.35/turn              (no ring)

@: on berserk cooldown, slowed, very slow
A: sickness immunity, AC +4, negative energy resistance 1, electricity
resistance, torment resistance 1, petrification resistance
a: Renounce Religion, Berserk, Trog's Hand


You were on level 4 of the Dungeon.
You worshipped Trog.
Trog was most pleased with you.
You visited 2 branches of the dungeon, and saw 6 of its levels.

You collected 113 gold pieces.

Inventory:

Hand Weapons
 a - a +0 hand axe (weapon)
Missiles
 t - a throwing net (quivered)
Armour
 b - a +0 animal skin
 e - a +0 chain mail (worn)
 o - a +0 pair of boots (worn)
 p - a +0 helmet (worn)
Jewellery
 s - an amulet of magic regeneration (around neck)
 u - a ring of willpower
Scrolls
 d - a scroll of magic mapping {unknown}
 f - 2 scrolls of blinking {unknown}
 i - a scroll of amnesia {unknown}
 j - 4 scrolls of identify {unknown}
 k - a scroll of summoning {unknown}
 m - a scroll of enchant armour {unknown}
 r - a scroll of vulnerability {unknown}
Potions
 c - a potion of might {unknown}
 g - 2 potions of curing {unknown}
 h - a potion of brilliance {unknown}
 l - 2 potions of magic {unknown}
 n - 2 potions of heal wounds {unknown}
 q - a potion of cancellation {unknown}


   Skills:
 + Level 4.7 Fighting
 + Level 5.1 Axes
 + Level 4.3 Armour
 - Level 1.5 Dodging
 * Level 3.5 Stealth


You had 6 spell levels left.
You didn't know any spells.
Your spell library was empty.

Dungeon Overview and Level Annotations

Branches:
Dungeon (5/15)             Temple (1/1) D:4

Altars:
Ashenzari
Cheibriados
Dithmenos
Elyvilon
Fedhas
Gozag
Kikubaaqudgha
Makhleb
Nemelex Xobeh
Qazlal
Sif Muna
Trog
Uskayaw
Xom
Yredelemnul
Zin

Annotations:
D:4 1 transporter, Kae's ghost, amateur DsGl


Innate Abilities, Weirdness & Mutations

You are immune to sickness and miasma.
Your stone body is resilient. (AC +4)
You are immune to poison.
You resist negative energy. (rN+)
You are resistant to electric shocks. (rElec)
You are resistant to unholy torment.
You are immune to petrification.


Message History

A gnoll is nearby!
A gnoll is nearby!
You see here a +1 vampiric spear.
u - a ring of willpower You now have 113 gold pieces (gained 22).
There is a transporter landing site here.
You see here a +0 whip.
Things that are here:
a +0 whip; a wand of polymorph (10)
The gnoll barely misses you.
The gnoll zaps a wand.
You struggle to resist.
You start resting.
A gnoll is nearby!
You slash the gnoll!
The gnoll is heavily wounded.
The gnoll zaps a wand.
Your mind is blasted!
* * * LOW HITPOINT WARNING * * *
The gnoll hits you but does no damage.
You hit the gnoll but do no damage.
The gnoll is heavily wounded.
The gnoll barely misses you.
You closely miss the gnoll.
The gnoll is heavily wounded.
The gnoll hits you but does no damage.
The gnoll zaps a wand.
You struggle to resist.
You hit the gnoll but do no damage.
The gnoll is heavily wounded.
The gnoll closely misses you.
You barely miss the gnoll.
The gnoll is heavily wounded.
The gnoll hits you but does no damage. x2
You barely miss the gnoll.
The gnoll is heavily wounded.
The gnoll closely misses you.
You hit the gnoll.
The gnoll is severely wounded.
The gnoll hits you with a +0 whip.
* * * LOW HITPOINT WARNING * * *
The gnoll zaps a wand.
Your mind is blasted!
You die...

............................#
.≈≈≈≈≈≈≈≈≈≈≈...≈≈≈≈≈≈≈≈≈≈≈..#
.≈≈≈≈≈≈≈≈≈≈≈...≈≈≈≈≈≈≈≈≈≈≈..#
.≈≈#####...........#####≈≈..#
.≈≈#.#W#.###.©.###.#.#.#≈≈..#
.≈≈#...###.#####.###...#≈≈..#
.≈≈###.g.....).......###≈≈..#
.≈≈.8#.######)###'##.#8.≈≈..#
.≈≈.##.#...#8))#@..#.##.≈≈..#
.≈≈.#..'..:#⌠©)g...'..#.≈≈.##
.≈≈.##.#...#8..#...#.##.≈≈.#
.≈≈.8#.######'###'##.#8.≈≈.#
.≈≈###...............###≈≈.#
.≈≈#...###.#####©###...#≈≈.#
.≈≈#.#.#.###.©.###.#.#.#≈≈.#
.≈≈#####...........#####≈≈.#
.≈≈≈≈≈≈≈≈≈≈≈≈≈≈≈≈≈≈≈≈≈≈≈≈≈.#


You could see a gnoll.

Vanquished Creatures
  2 black bears (D:3)
  2 orc wizards (D:4)
  10 gnolls
  A howler monkey skeleton (D:4)
  8 adders
  A white imp (D:4)
  2 worms
  6 dart slugs
  10 orcs
  3 ball pythons
  5 bats
  6 endoplasms
  3 giant cockroaches
  3 goblins
  10 hobgoblins
  5 kobolds
  2 quokkas
  2 frilled lizards
  4 rats
85 creatures vanquished.

Vanquished Creatures (others)
  6 plants (D:4)
6 creatures vanquished.

Grand Total: 91 creatures vanquished

Notes
Turn   | Place    | Note
-------+----------+-------------------------------------------
     0 | D:1      | daervis the Gargoyle Berserker began the quest for the Orb.
     0 | D:1      | Reached XP level 1. HP: 14/14 MP: 1/1
   213 | D:1      | Reached XP level 2. HP: 19/19 MP: 2/2
   335 | D:1      | Reached skill level 3 in Axes
   719 | D:2      | Reached skill level 1 in Stealth
   719 | D:2      | Reached XP level 3. HP: 23/24 MP: 3/3
   975 | D:2      | Reached ** piety under Trog
  1034 | D:2      | Found a faded altar of an unknown god.
  1299 | D:2      | Reached XP level 4. HP: 29/29 MP: 4/4
  2463 | D:4      | Noticed a black bear
  2471 | D:3      | Killed a black bear
  2472 | D:3      | Reached skill level 4 in Axes
  2472 | D:3      | Reached XP level 5. HP: 33/33 MP: 5/5
  2554 | D:3      | Reached XP level 6. HP: 39/39 MP: 6/6
  2644 | D:3      | Noticed a black bear
  2654 | D:3      | Killed a black bear
  3007 | D:4      | Found a transporter.
  3015 | D:4      | Found a staircase to the Ecumenical Temple.
  3026 | D:4      | Reached *** piety under Trog
  3045 | Temple   | Entered the Ecumenical Temple
  3119 | D:4      | Noticed Kae's ghost (amateur DsGl)
  3146 | D:4      | Found a transporter.
  3464 | D:5      | Entered Level 5 of the Dungeon
  3609 | D:4      | Reached XP level 7. HP: 44/44 MP: 7/7
  3768 | D:4      | Found a blossoming altar of Fedhas.
  3805 | D:4      | Found a hide-covered altar of Uskayaw.
  4131 | D:4      | Reached skill level 5 in Axes
  4166 | D:4      | Blown up by a gnoll

Illustrated notes

Levels and vault maps discovered:
D:1:      ebering_hopf_link, layout_basic
D:2:      layout_rooms, ebering_ecumenical_altar_mist
D:3:      layout_loops_corners, corexii_leaking_fountain, hangedman_decor_lopped
D:4:      layout_cave_pools, mainiacjoe_overflow_two_lobes,
          minmay_temple_entry_drinking_statues, gammafunk_ghost_gnarly_gnolls
D:5:      old_forge, layout_gridville, jmf_multi_god_temple2,
          minmay_misc_feat_hallway, st_stairs_4
Temple:   eino_temple_lava

Skill      XL: |  1  2  3  4  5  6  7 |
---------------+----------------------+-----
Axes           | 3 4 5 |  5.1
Stealth        | 1 2 3 |  3.5
Fighting       | 4 |  4.7
Armour         | 3 4 |  4.3
Dodging        | |  1.5

Action                   |  1- 3 |  4- 6 |  7- 9 || total
-------------------------+-------+-------+-------++-------
Melee: Hand axe          |    62 |   213 |    31 ||   306
Invok: Berserk           |     1 |     5 |     1 ||     7
Armor: Animal skin       |     3 |       |       ||     3
       Chain mail        |    36 |   158 |    16 ||   210
Dodge: Dodged            |    23 |    90 |    17 ||   130
